 Dungeon Sprint DCSS version 0.30.1-11-g7821555f0a (webtiles) character file.

Game seed: 5822705728198395542

11606 Groucho the Imperceptible (level 11, -7/60 HPs)
             Began as a Spriggan Enchanter on Oct 29, 2023.
             Was the Champion of Vehumet.
             Succumbed to poison (dark miasma)
             ... in the Dungeon (Sprint III: "The Ten Rune Challenge").
             The game lasted 00:14:05 (3723 turns).

Groucho the Imperceptible (Spriggan Enchanter)      Turns: 3723, Time: 00:14:06

Health: -7/60      AC:  2    Str:  4    XL:     11   Next: 51%
Magic:  27/27      EV: 31    Int: 16    God:    Vehumet [******]
Gold:   31         SH:  0    Dex: 25    Spells: 21/38 levels left

rFire   . . .        a - +1 dagger
rCold   . . .        (no shield)
rNeg    . . .        b - +0 robe
rPois   .            (helmet restricted)
rElec   .            (no cloak)
rCorr   .            (gloves unavailable)
SInv    +            (boots unavailable)
Will    +....        (no amulet)
Stlth   +++++++++    (no ring)
HPRegen 0.30/turn    (no ring)
MPRegen 0.20/turn

%: no teleportation
@: lethally poisoned (-7 -> -44), slowed, quick
A: very small, no large weapons, unfitting armour, see invisible, speed 3, agile
2, low MP 1
a: Renounce Religion


You were in the Dungeon.
You worshipped Vehumet.
Vehumet was exalted by your worship.
You visited 1 branch You collected 31 gold pieces.

Inventory:

Hand Weapons
 a - a +1 dagger (weapon)
 p - a +0 shortbow
Missiles
 c - 7 curare-tipped darts (quivered)
Armour
 b - a +0 robe (worn)
Scrolls
 i - a scroll of blinking
 j - a scroll of torment {unknown}
 k - a scroll of identify
 m - a scroll of immolation {unknown}
 n - a scroll of magic mapping {unknown}
Potions
 f - a potion of might
 g - a potion of magic
 h - 2 potions of berserk rage
 l - a potion of flight
 o - 5 potions of mutation


   Skills:
 + Level 8.0 Fighting
 - Level 10.0 Short Blades
 - Level 6.4 Ranged Weapons
 + Level 12.6 Dodging
 - Level 22.1 Stealth
 + Level 14.4 Spellcasting
 + Level 5.3 Conjurations
 + Level 14.6 Hexes
 + Level 2.0 Ice Magic
 + Level 2.2 Air Magic


You had 21 spell levels left.
You knew the following spells:

 Your Spells              Type           Power      Damage    Failure   Level
a - Ensorcelled Hibernat  Hex/Ice        76%        N/A       1%          2
b - Confusing Touch       Hex            55%        N/A       1%          3
c - Dazzling Flash        Conj/Hex       86%        N/A       1%          3
d - Tukima's Dance        Hex            55%        N/A       1%          3
e - Magic Dart            Conj           100%       1d8       1%          1
f - Freezing Cloud        Conj/Ice/Air   10%        6-21      12%         5

Your spell library contained the following spells:

 Spells                   Type           Power      Damage    Failure   Level
 Spellforged Servitor     Conj/Summ      10%        N/A       97%         7


Dungeon Overview and Level Annotations

Branches:
Dungeon (1/1)

Altars:
Cheibriados
Dithmenos
Elyvilon
Fedhas
Gozag
Hepliaklqana
Kikubaaqudgha
Makhleb
Nemelex Xobeh
Okawaru
Qazlal
Ru
Sif Muna
Trog
Uskayaw
Vehumet
Wu Jian
Xom
Yredelemnul
Zin
The Shining One
Jiyva
Lugonu


Innate Abilities, Weirdness & Mutations

You are very small and have problems with some larger weapons.
You are too small for most types of armour.
You have supernaturally acute eyesight. (SInv)
You cover ground extremely quickly. (Speed+++)
You are very agile. (Dex +8, Str/Int -2)
Your magical capacity is low. (-10% MP)


Message History

You close the door.
You open the door.
A floating eye comes into view.
Found 10 scrolls of identify.
You are engulfed in dark miasma.
You are poisoned.
You feel very sick.
The floating eye is engulfed in dark miasma.
The floating eye is poisoned.
There is an open door here.
You hit the floating eye.
The floating eye is heavily wounded.
You are engulfed in dark miasma.
You are more poisoned.
You feel very sick.
The floating eye is engulfed in dark miasma.
The floating eye looks even sicker.
The floating eye dies!
Unknown command.
You are engulfed in dark miasma.
You are lethally poisoned!
You feel extremely sick.
You see here 10 scrolls of identify.
You close the door.
You are engulfed in dark miasma.
You are more poisoned.
* * * LOW HITPOINT WARNING * * *
You feel extremely sick.
Okay, then.
You feel better.
You are engulfed in dark miasma.
You are poisoned.
You feel yourself slow down.
* * * LOW HITPOINT WARNING * * *
You feel very sick.
Unknown command.
Unknown command.
You're standing in a cloud of foul pestilence!
Unknown command.
Unknown command.
You are engulfed in dark miasma.
You are lethally poisoned!
You feel as though you will be slow longer.
* * * LOW HITPOINT WARNING * * *
You die...

≈≈≈≈≈♣♣P.'.#.#.#.#.......#
♣♣♣♣♣♣♣PP##.#.#.##########
♣♣♣##'######## ♣♣♣♣♣
#...'.≈≈≈§# ~~~≈.
#...#.≈§≈≈# ~~≈..
#).)#.#≈≈§## ~~≈≈#
#####.#.§§≈###≈
#).PP.###≈§≈§§≈
#.)...#@#.≈§§≈§
#..)PP#+###§§
#...)P#§☼☼#c≈ #'#####○§☼#
#.....+☼§§+ #.#########
#.# #.# #.#


There were no monsters in sight!

Vanquished Creatures
  Sigmund (D)
  Josephine (D)
  A yaktaur captain (D)
  A centaur warrior (D)
  Urug (D)
  A lindwurm (D)
  A deep elf pyromancer (D)
  2 cane toads (D)
  Edmund (D)
  An unseen horror (D)
  A komodo dragon (D)
  3 wandering mushrooms (D)
  A queen bee (D)
  2 tyrant leeches (D)
  3 orc high priests (D)
  A shadow (D)
  3 redbacks (D)
  A spatial vortex (D)
  2 centaurs (D)
  An earth elemental (D)
  A necrophage (D)
  A scorpion (D)
  A water elemental (D)
  32 killer bees (D)
  An orc priest (D)
  A jelly (D)
  A wizard (D)
  A necromancer (D)
  A kobold demonologist (D)
  3 humans (D)
  An endoplasm (D)
  3 rats (D)
76 creatures vanquished.

Vanquished Creatures (collateral kills)
  A yaktaur (D)
1 creature vanquished.

Vanquished Creatures (others)
  2 dancing weapons (D)
  A floating eye (D)
3 creatures vanquished.

Grand Total: 80 creatures vanquished

Notes
Turn   | Place    | Note
-------+----------+-------------------------------------------
     0 | D        | Groucho the Spriggan Enchanter began the quest for the Orb.
     0 | D        | Reached XP level 1. HP: 9/9 MP: 5/5
    13 | D        | Reached skill level 5 in Stealth
    39 | D        | Noticed a scorpion
    42 | D        | Killed a scorpion
    43 | D        | Reached skill level 9 in Stealth
    43 | D        | Reached skill level 5 in Spellcasting
    43 | D        | Reached skill level 5 in Hexes
    43 | D        | Reached XP level 2. HP: 12/13 MP: 6/9
    43 | D        | Reached XP level 3. HP: 15/16 MP: 6/10
    48 | D        | Reached skill level 10 in Stealth
    48 | D        | Reached XP level 4. HP: 21/21 MP: 6/12
    50 | D        | Noticed a water elemental
    53 | D        | Killed a water elemental
    54 | D        | Reached skill level 11 in Stealth
    56 | D        | Found a radiant altar of Vehumet.
    57 | D        | Found a shimmering blue altar of Sif Muna.
    57 | D        | Found an ancient bone altar of Kikubaaqudgha.
    57 | D        | Noticed a wizard
    58 | D        | Killed a wizard
    59 | D        | Reached skill level 12 in Stealth
    59 | D        | Reached XP level 5. HP: 24/24 MP: 6/15
    64 | D        | Became a worshipper of Vehumet
    72 | D        | Found a hide-covered altar of Uskayaw.
    72 | D        | Found an iron altar of Okawaru.
    72 | D        | Found a bloodstained altar of Trog.
    72 | D        | Found an ornate altar of the Wu Jian Council.
    72 | D        | Noticed a human
    73 | D        | Noticed a human
    75 | D        | Killed a human
    76 | D        | Reached skill level 14 in Stealth
    76 | D        | Reached XP level 6. HP: 28/28 MP: 9/18
    76 | D        | Killed a human
    77 | D        | Reached skill level 16 in Stealth
    91 | D        | Found a shadowy altar of Dithmenos.
    92 | D        | Found a basalt altar of Yredelemnul.
    92 | D        | Found a sacrificial altar of Ru.
    93 | D        | Reached * piety under Vehumet
    93 | D        | Offered knowledge of Magic Dart by Vehumet.
    94 | D        | Reached XP level 7. HP: 32/32 MP: 12/20
    95 | D        | Reached skill level 1 in Fighting
   112 | D        | Learned a level 2 spell: Ensorcelled Hibernation
   116 | D        | Learned a level 3 spell: Confusing Touch
   120 | D        | Learned a level 3 spell: Dazzling Flash
   124 | D        | Learned a level 3 spell: Tukima's Dance
   126 | D        | Learned a level 1 spell: Magic Dart
   127 | D        | Found a glowing silver altar of Zin.
   128 | D        | Found a glowing golden altar of the Shining One.
   128 | D        | Found a white marble altar of Elyvilon.
   128 | D        | Noticed a deep elf pyromancer
   130 | D        | Killed a deep elf pyromancer
   131 | D        | Reached skill level 5 in Dodging
   131 | D        | Reached skill level 17 in Stealth
   131 | D        | Reached skill level 10 in Spellcasting
   131 | D        | Reached skill level 10 in Hexes
   164 | D        | Gained mutation: Your magical capacity is low. (-10% MP)
                  | [potion of mutation]
   164 | D        | Gained mutation: You are agile. (Dex +4, Str/Int -1)
                  | [potion of mutation]
   164 | D        | Gained mutation: You are very agile. (Dex +8, Str/Int -2)
                  | [potion of mutation]
   179 | D        | Noticed a shadow
   181 | D        | Killed a shadow
   181 | D        | Offered knowledge of Kiss of Death by Vehumet.
   181 | D        | Reached ** piety under Vehumet
   182 | D        | Reached skill level 18 in Stealth
   182 | D        | Reached XP level 8. HP: 40/40 MP: 21/21
   187 | D        | Found a blossoming altar of Fedhas.
   187 | D        | Found a stormy altar of Qazlal.
   188 | D        | Found a snail-covered altar of Cheibriados.
   188 | D        | Found a burning altar of Makhleb.
   188 | D        | Found a hazy altar of Hepliaklqana.
   188 | D        | Found a shimmering altar of Xom.
   188 | D        | Found an opulent altar of Gozag.
   188 | D        | Found a sparkling altar of Nemelex Xobeh.
   188 | D        | Found a corrupted altar of Lugonu.
   188 | D        | Found a viscous altar of Jiyva.
   228 | D        | Noticed Josephine
   230 | D        | Killed Josephine
   231 | D        | Reached skill level 5 in Short Blades
   231 | D        | Reached skill level 19 in Stealth
   240 | D        | Reached *** piety under Vehumet
   246 | D        | Noticed a centaur warrior
   249 | D        | Reached XP level 9. HP: 46/46 MP: 22/22
   250 | D        | Killed a centaur warrior
   251 | D        | Reached skill level 5 in Fighting
   251 | D        | Reached skill level 20 in Stealth
   271 | D        | Noticed an unseen horror
   274 | D        | Killed an unseen horror
   274 | D        | Reached **** piety under Vehumet
   275 | D        | Reached skill level 1 in Ranged Weapons
   282 | D        | Noticed a wandering mushroom
   287 | D        | Noticed a wandering mushroom
   289 | D        | Noticed a wandering mushroom
   290 | D        | Killed a wandering mushroom
   291 | D        | Reached skill level 1 in Conjurations
   300 | D        | Killed a wandering mushroom
   482 | D        | Noticed a cane toad
   482 | D        | Noticed a komodo dragon
   482 | D        | Noticed a cane toad
   486 | D        | Killed a komodo dragon
   486 | D        | Offered knowledge of Inner Flame by Vehumet.
   486 | D        | Reached ***** piety under Vehumet
   494 | D        | Killed a cane toad
   495 | D        | Reached XP level 10. HP: 49/53 MP: 24/24
   497 | D        | Killed a cane toad
   503 | D        | Reached skill level 21 in Stealth
   514 | D        | Noticed a lindwurm
   518 | D        | Killed a lindwurm
   519 | D        | Reached skill level 10 in Dodging
   526 | D        | Noticed Urug
   528 | D        | Killed Urug
   528 | D        | Reached ****** piety under Vehumet
   849 | D        | Noticed Sigmund
   849 | D        | Noticed Edmund
   853 | D        | Killed Sigmund
   853 | D        | Offered knowledge of Olgreb's Toxic Radiance by Vehumet.
   854 | D        | Reached skill level 10 in Short Blades
   854 | D        | Reached skill level 5 in Ranged Weapons
   854 | D        | Reached XP level 11. HP: 58/58 MP: 26/26
   854 | D        | Killed Edmund
   869 | D        | Reached skill level 22 in Stealth
   888 | D        | Noticed a yaktaur captain
   888 | D        | Noticed a yaktaur captain
  2967 | D        | Killed a yaktaur captain
  2967 | D        | Offered knowledge of Freezing Cloud by Vehumet.
  2978 | D        | Learned a level 5 spell: Freezing Cloud
  3437 | D        | Offered knowledge of Spellforged Servitor by Vehumet.
  3459 | D        | Reached skill level 5 in Conjurations
  3461 | D        | Reached skill level 1 in Air Magic
  3463 | D        | Reached skill level 1 in Ice Magic
  3723 | D        | Succumbed to poison (dark miasma)

Illustrated notes

Levels and vault maps discovered:
D:        dungeon_sprint_mu [sprint_mu_entry_cave, sprint_mu_temple_rooms,
          sprint_mu_d1_horrors, sprint_mu_d2_genie, sprint_mu_d3_branching,
          sprint_mu_orc_legion, sprint_mu_elf_gauntlet, sprint_mu_hive_nellie,
          sprint_mu_lair_fedhas, sprint_mu_vaults_butterflies,
          sprint_mu_slime_circle, sprint_mu_swamp_cave, sprint_mu_shoals_kraken,
          sprint_mu_blade_basic, sprint_mu_crypt_fortress,
          sprint_mu_tomb_spiral, sprint_mu_vestibule_basic,
          sprint_mu_gehenna_hellfire, sprint_mu_dis_giant,
          sprint_mu_tartarus_statrot, sprint_mu_cocytus_islands, sprint_mu_zot1]

Skill      XL: |  1  2  3  4  5  6  7  8  9 10 11 |
---------------+----------------------------------+-----
Stealth        | 9 10 12 14 16 18 19 20 21 22 | 22.1
Spellcasting   | 5 6 8 9 10 11 12 13 14 | 14.4
Hexes          | 5 6 7 8 9 10 11 12 13 14 | 14.6
Dodging        | 3 5 7 9 11 12 | 12.6
Fighting       | 3 4 5 7 8 |  8.0
Short Blades   | 4 5 8 10 | 10.0
Ranged Weapons | 2 5 6 |  6.4
Conjurations   | 2 4 5 |  5.3
Air Magic      | 2 |  2.2
Ice Magic      | 2 |  2.0

Action                     |  1- 3 |  4- 6 |  7- 9 | 10-12 || total
---------------------------+-------+-------+-------+-------++-------
  Melee: Dagger            |    12 |     6 |    45 |    52 ||   115
         Punch             |       |       |     1 |       ||     1
   Fire: Shortbow          |       |       |       |    27 ||    27
   Cast: Confusing Touch   |       |       |     3 |       ||     3
         Ensorcelled Hiber |       |       |     1 |    38 ||    39
         Magic Dart        |       |       |       |    38 ||    38
         Tukima's Dance    |       |       |       |    11 ||    11
         Freezing Cloud    |       |       |       |     3 ||     3
         Dazzling Flash    |       |       |       |     3 ||     3
    Use: Potion            |     2 |       |     6 |     2 ||    10
   Stab: Sleeping          |     5 |     6 |    11 |    46 ||    68
         Invisible         |     1 |       |     2 |     1 ||     4
 Armour: Robe              |     1 |       |       |     2 ||     3
  Dodge: Dodged            |     3 |       |    20 |    25 ||    48
